 Dungeon Crawl Stone Soup version bcrawl-1.19.1 (webtiles) character file.

Game seed: 6401644275595187142

93 JackS81 the Sneak (level 4, 0/32 HPs)
             Began as a Human Archaeologist on Nov 28, 2019.
             Slain by Terence
             ... wielding a +0 falchion
              (3 damage)
             ... on level 2 of the Dungeon.
             The game lasted 00:07:15 (1534 turns).

JackS81 the Sneak (Human Archaeologist)             Turns: 1534, Time: 00:07:16

Health: 0/32       AC:  6    Str: 12    XL:     4   Next: 92%
Magic:  6/6        EV: 14    Int: 19    God:
Gold:   78         SH:  0    Dex: 16    Spells: 3/3 levels left

rFire    . . .     SeeInvis .   a - +0 whip
rCold    . . .     Gourm    .   (no shield)
rNeg     . . .     Faith    .   b - +1 robe
rPois    .         Spirit   .   c - +1 hat
rElec    .         Reflect  .   (no cloak)
rCorr    .         Harm     .   (no gloves)
MR       .....                  d - +1 pair of boots
Stlth    +++.......             (no amulet)
HPRegen  0.10/turn              l - +4 ring of dexterity
MPRegen  0.10/turn              (no ring)

@: brilliant, hasted, studying Axes, very quick
A: no striking features
a: no special abilities


You were on level 2 of the Dungeon.
You were not hungry.

You visited 1 branch of the dungeon, and saw 2 of its levels.

You collected 78 gold pieces.

Inventory:

Hand Weapons
 a - a +0 whip (weapon)
Missiles
 h - 270 arrows
 i - 168 sling bullets
 k - 121 poisoned needles
Armour
 b - a +1 robe (worn)
 c - a +1 hat (worn)
 d - a +1 pair of boots (worn)
Jewellery
 l - a +4 ring of dexterity (left hand)
 r - an uncursed ring of poison resistance {unknown}
Scrolls
 j - a scroll of amnesia {unknown}
 n - a scroll of noise {unknown}
 p - a scroll of identify
Books
 e - a manual of Axes
Miscellaneous
 f - an ancient crate
Comestibles
 g - 2 rations {!d}
 o - 2 chunks of flesh


   Skills:
 - Level 1.0 Fighting
 * Level 3.4(3.8) Axes
 - Level 2.2(3.2) Maces & Flails
 - Level 3.2 Dodging
 - Level 3.6 Stealth
 * Level 3.3 Evocations


You had 3 spell levels left.
You didn't know any spells.
Your spell library was empty.

Dungeon Overview and Level Annotations

Branches:
Dungeon (2/12)

Altars:

Annotations:
D:2 Terence


Message History

Terence closely misses you.
You hit Terence.
Terence is severely wounded.
You closely miss Terence.
Terence is severely wounded.
Terence hits you with a +0 falchion!
* * * LOW HITPOINT WARNING * * *
You hit Terence but do no damage.
Terence is severely wounded.
You hit Terence but do no damage.
Terence is severely wounded.
Terence hits you with a +0 falchion.
* * * LOW HITPOINT WARNING * * *
You hit Terence.
Terence is almost dead.
You hit Terence but do no damage.
Terence is almost dead.
Terence says, "Don't bother to defend, it's pointless."
Terence hits you with a +0 falchion.
You die...

########...# #..........
#<..=......## ####..........
#.........[...)...####.####.#.
#............####.####.# #...
########...#....#.##...# ##..
######.##...##...#####.# ...
#..###......#......
..%..##..##.#......###.#
.....w@@................
.....###....#....######. ...
####.......# ##. . ####>...#
##.. #....# #..# #....# #.##
#....###.# ##........#
###...#.....#.


You could see Terence and a worm.

Vanquished Creatures
  4 gnolls (D:2)
  An ooze (D:2)
  A worm (D:1)
  A dart slug (D:1)
  A leopard gecko (D:1)
  A ball python (D:1)
  4 bats
  2 giant cockroaches
  7 goblins
  4 hobgoblins
  A jackal (D:2)
  7 kobolds (D:1)
  3 quokkas
  A frilled lizard (D:1)
  3 rats
41 creatures vanquished.

Notes
Turn   | Place    | Note
-------+----------+-------------------------------------------
     0 | D:1      | JackS81 the Human Archaeologist began the quest for the
                  | Orb.
     0 | D:1      | Reached XP level 1. HP: 15/15 MP: 1/1
    72 | D:1      | Reached skill level 1 in Evocations
    91 | D:1      | Reached XP level 2. HP: 20/21 MP: 2/2
   389 | D:1      | Reached XP level 3. HP: 25/26 MP: 4/4
   582 | D:1      | Reached skill level 1 in Axes
  1081 | D:2      | Reached XP level 4. HP: 32/32 MP: 5/5
  1499 | D:2      | Noticed Terence
  1534 | D:2      | Slain by Terence

Skill      XL: |  1  2  3  4 |
---------------+-------------+-----
Evocations     | 1 2 3 |  3.3
Maces & Flails | 2 |  2.2
Axes           | 2 3 |  3.4
Fighting       | |  1.0
Dodging        | |  3.2
Stealth        | |  3.6

Action                   |  1- 3 |  4- 6 || total
-------------------------+-------+-------++-------
Melee: Whip              |   133 |    72 ||   205
Throw: Stone             |     5 |       ||     5
  Use: Scroll            |     3 |       ||     3
       Potion            |       |     3 ||     3
 Stab: Sleeping          |     5 |     1 ||     6
  Eat: Chunk             |     1 |     1 ||     2
Armor: Robe              |    42 |     8 ||    50
       Skin              |       |    18 ||    18
Dodge: Dodged            |    68 |    26 ||    94
